 Dungeon Crawl Stone Soup version 0.19-a0-1589-ge51c82a (webtiles) character file.

163 JeffiDaFish the Firebug (level 5, -2/40 HPs)
             Began as a Draconian Fire Elementalist on Sept 16, 2016.
             Slain by an iguana (6 damage)
             ... on level 4 of the Dungeon.
             The game lasted 00:23:36 (3639 turns).

JeffiDaFish the Firebug (DrFE)                      Turns: 3639, Time: 00:23:37

Health: -2/40      AC: 12    Str: 10    XL:     5   Next: 20%
Magic:  3/9        EV: 13    Int: 17    God:
Gold:   185        SH:  0    Dex: 13    Spells: 3 memorised, 3 levels left

rFire  . . .     SeeInvis .     n - +0 trident
rCold  . . .     Gourm    .     (armour unavailable)
rNeg   . . .     Faith    .     (no shield)
rPois  .         Spirit   .     p - +2 hat
rElec  .         Dismiss  .     (no cloak)
rCorr  .         Reflect  .     (no gloves)
MR     .....     Harm     .     (no boots)
Stlth  ++........               (no amulet)
                                d - +5 ring of protection
                                c - +2 ring of dexterity

@: very slightly contaminated
A: unfitting armour, cold-blooded, AC +5
a: no special abilities


You were on level 4 of the Dungeon.
You were not hungry.

You visited 1 branch of the dungeon, and saw 4 of its levels.

You collected 185 gold pieces.

Inventory:

Hand Weapons
 j - a +0 dagger
 n - a +0 trident (weapon)
Armour
 p - a +2 hat (worn)
Jewellery
 c - a +2 ring of dexterity (left hand)
 d - a +5 ring of protection (right hand)
Scrolls
 i - 2 scrolls of identify
 m - a scroll of recharging
Potions
 e - 2 potions of invisibility
 h - a potion of cancellation
Books
 a - a book of Flames

   Spells                             Type                      Level
   a - Flame Tongue                   Conjuration/Fire             1
   b - Throw Flame                    Conjuration/Fire             2
   c - Conjure Flame                  Conjuration/Fire             3
   d - Inner Flame                    Hexes/Fire                   3
   e - Sticky Flame                   Conjuration/Fire             4
   f - Fireball                       Conjuration/Fire             5
Comestibles
 b - 3 bread rations
 f - 7 fruits
 g - a slice of pizza
 k - 2 meat rations
 l - a beef jerky


   Skills:
 + Level 1.3 Fighting
 - Level 0.2 Short Blades
 * Level 1.1 Polearms
 + Level 2.6 Dodging
 + Level 2.3 Stealth
 - Level 1.0 Unarmed Combat
 * Level 2.8 Spellcasting
 + Level 1.6 Conjurations
 + Level 3.6 Fire Magic


You had 3 spell levels left.
You knew the following spells:

 Your Spells              Type           Power        Failure   Level  Hunger
a - Flame Tongue          Conj/Fire      ##...        10%         1    #......
b - Throw Flame           Conj/Fire      ##....       12%         2    ##.....
c - Inner Flame           Hex/Fire       #.......     24%         3    ###....


Dungeon Overview and Level Annotations

Branches:
Dungeon (4/15)
 Temple: D:4-7

Altars:

Annotations:
D:4 VonBacon's ghost, amateur FoFi


Innate Abilities, Weirdness & Mutations

Your plain brown scales are hard. (AC +5)
Your body does not fit into most forms of armour.
You are cold-blooded and may be slowed by cold attacks.


Message History

VonBacon's ghost hits you but does no damage.
You feel yourself speed up.
VonBacon's ghost hits you but does no damage.
An iguana comes into view.
The iguana moves out of view.
Casting: Flame Tongue
Confirm with . or Enter, or press ? or * to list all spells.
Aiming: Flame Tongue
Press: ? - help, Shift-Dir - straight line, f/p - VonBacon's ghost
Aim: VonBacon's ghost, wielding a weapon of freezing (heavily damaged)
You miscast Flame Tongue.
You are very lightly contaminated with residual magic.
Heat runs through your body. VonBacon's ghost hits you.
* * * LOW HITPOINT WARNING * * *
VonBacon's ghost freezes you.
* * * LOW HITPOINT WARNING * * *
VonBacon's ghost misses you. VonBacon's ghost barely misses you.
VonBacon's ghost closely misses you. The iguana bites you.
You die...

#.# #.# #.# #.# ####### #.#
##.....##. #.##### #.........
......# #..# #.# .#
#.###.##########Wl# #.##.#
..#.............@.# #.##.#
###.#.##########.####.##.#
....#.# ......#.##.# #####.#
####.##.#.##.######## ....#.#
....>................
###.#.#############.#.#....######
....#........# #.#.#....# ##
############.# #.#.#....# ...
##...........######.#.#....# ...


You could see an iguana and VonBacon's ghost.

Vanquished Creatures
  A scorpion (D:4)
  An iguana (D:4)
  2 adders
  4 worms
  3 dart slugs (D:1)
  A leopard gecko (D:1)
  An orc (D:3)
  7 bats
  2 giant cockroaches
  3 goblins
  3 hobgoblins (D:2)
  4 jackals
  A quokka (D:2)
  5 frilled lizards
  5 kobolds
  9 rats
52 creatures vanquished.

Notes
Turn   | Place    | Note
-------+----------+-------------------------------------------
     0 | D:1      | JeffiDaFish the Draconian Fire Elementalist began the quest for the Orb.
     0 | D:1      | Reached XP level 1. HP: 14/14 MP: 3/3
   249 | D:1      | Reached XP level 2. HP: 9/20 MP: 5/5
  1456 | D:1      | Reached XP level 3. HP: 26/26 MP: 6/6
  1463 | D:1      | Learned a level 2 spell: Throw Flame
  1629 | D:2      | Found a faded altar of an unknown god.
  1700 | D:2      | Reached skill level 1 in Unarmed Combat
  2358 | D:3      | Reached XP level 4. HP: 29/34 MP: 2/7
  2415 | D:3      | Upgraded the game from 0.19-a0-1571-g5ccf90f to 0.19-a0-1589-ge51c82a
  2832 | D:4      | Noticed a phantom
  3258 | D:4      | Reached skill level 1 in Fighting
  3521 | D:4      | Reached skill level 1 in Polearms
  3521 | D:4      | Reached XP level 5. HP: 39/40 MP: 3/9
  3543 | D:4      | Learned a level 3 spell: Inner Flame
  3614 | D:4      | Noticed VonBacon's ghost (amateur FoFi)
  3639 | D:4      | Slain by an iguana

Vault maps used:
D:1:      dpeg_arrival_signposts, minmay_tetromino_i4
D:2:      ecumenical_altar_1
D:3:      first_bread

Skill      XL: |  1  2  3  4 |
---------------+-------------+-----
Dodging        | 2 |  2.6
Unarmed Combat | 1 |  1.0
Stealth        | 2 |  2.3
Fighting       | 1 |  1.3
Polearms       | 1 |  1.1
Short Blades   | |  0.2
Spellcasting   | |  2.8
Conjurations   | |  1.6
Fire Magic     | |  3.6

Action                   |  1- 3 |  4- 6 || total
-------------------------+-------+-------++-------
Melee: Unarmed           |   141 |       ||   141
       Tailslap          |    26 |     3 ||    29
       Dagger            |    46 |     8 ||    54
       Trident           |       |    27 ||    27
 Cast: Flame Tongue      |    15 |    27 ||    42
       Throw Flame       |     2 |     5 ||     7
  Use: Scroll            |     6 |     2 ||     8
       Potion            |     2 |     1 ||     3
 Stab: Sleeping          |     3 |     1 ||     4
  Eat: Chunk             |     4 |     3 ||     7
       Fruit             |     1 |     2 ||     3
Armor: Skin              |    49 |    20 ||    69
Dodge: Dodged            |   127 |    33 ||   160
